 Dungeon Crawl Stone Soup version 0.27-a0-1500-g450c7e4133 (webtiles) character file.

Game seed: 5208777250930123218

455 lunkers the Insei (level 7, -4/49 HPs)
             Began as a Djinni Warper on July 7, 2021.
             Slain by an acid dragon (12 damage)
             ... on level 5 of the Dungeon.
             The game lasted 00:08:54 (4740 turns).

lunkers the Insei (Djinni Warper)                   Turns: 4740, Time: 00:08:55

Health: -4/49      AC:  4    Str: 12    XL:     7   Next: 26%
Gold:   176        EV: 12    Int: 14    God:
                   SH:  0    Dex: 13

rFire    + + .     SeeInvis .     - Unarmed
rCold    . . .     Faith    .   (no shield)
rNeg     . . .     Spirit   .   a - +0 leather armour
rPois    ∞         Reflect  .   (no helmet)
rElec    .         Harm     .   (no cloak)
rCorr    .         Rampage  .   i - +0 pair of gloves
Will     .....     NoTele   +   (boots unavailable)
Stlth    +.........             (no amulet)
HPRegen  0.16/turn              g - ring of protection from cold
MPRegen  0.00/turn              m - +4 ring of protection

@: corroded, immobile, flying, very slightly contaminated
A: sickness immunity, fire resistance 2, cold vulnerability 1, float, innate
caster, hp casting, extra vitality 1
a: no special abilities


You were on level 5 of the Dungeon.
You visited 1 branch of the dungeon, and saw 5 of its levels.

You collected 176 gold pieces.

Inventory:

Missiles
 c - 4 boomerangs of dispersal
Armour
 a - a +0 leather armour (worn)
 i - a +0 pair of gloves (worn)
Jewellery
 g - a ring of protection from cold (left hand)
 m - a +4 ring of protection (right hand)
Scrolls
 b - a scroll of blinking
 f - a scroll of magic mapping {unknown}
 h - a scroll of immolation {unknown}
 k - 2 scrolls of identify {unknown}
 l - a scroll of fear {unknown}
 n - a scroll of teleportation {unknown}
 o - 2 scrolls of noise {unknown}
 r - a scroll of acquirement {unknown}
Potions
 d - a potion of might {unknown}
 e - 3 potions of heal wounds {unknown}
 j - a potion of attraction {unknown}
 p - a potion of magic {unknown}
 q - a potion of degeneration {unknown}


   Skills:
 - Level 2.0 Fighting
 - Level 0.7 Throwing
 - Level 1.0 Armour
 - Level 2.1 Dodging
 * Level 6.1 Unarmed Combat
 + Level 3.9 Spellcasting


You couldn't memorise any spells.
You knew the following spells:

 Your Spells              Type           Power      Damage    Failure   Level
b - Lesser Beckoning      Tloc           6%         N/A       14%         3
c - Gell's Gravitas       Tloc           6%         N/A       14%         3
d - Teleport Other        Tloc           13%        N/A       14%         3
e - Manifold Assault      Tloc           13%        N/A       80%         5
p - Blink                 Tloc           N/A        N/A       8%          2
q - Summon Small Mammal   Summ           52%        N/A       4%          1
r - Tukima's Dance        Hex            13%        N/A       14%         3
w - Poisonous Vapours     Pois/Air       26%        N/A       8%          2
Your spell library was empty.

Dungeon Overview and Level Annotations

Branches:
Dungeon (5/15)
 Temple: D:4-7

Altars:
Okawaru
Sif Muna
The Shining One

Annotations:
D:4 3 runed translucent doors, CowFu's ghost, amateur DsFi


Innate Abilities, Weirdness & Mutations

You are immune to sickness and miasma.
You are immune to poison.
Your flesh is very heat resistant. (rF++)
You are vulnerable to cold. (rC-)
You float through the air rather than walking.
You learn spells naturally, not from books.
Your magical power is your life essence.
You have superior vitality. (+4 HP)


Message History

The acid dragon spits acid at you. The splash of acid hits you.
The acid corrodes you!
You are splashed with acid!
* * * LOW HITPOINT WARNING * * *
Something shouts, "Scamper away, thou dissembling hell-hated apple-john!"
You aren't carrying any items that you can evoke.
Okay, then.
Okay, then.
You aren't carrying any items that you can evoke.
Unknown command.
Cast which spell? (? or * to list)
Okay, then.
Cast which spell? (? or * to list)
Aiming: Teleport Other (dangerous; 14% risk of failure)
Press: ? - help, Shift-Dir - straight line, f - acid dragon
Aim: an acid dragon (lightly wounded, catching its breath, chance to affect: 50%)
You miscast Teleport Other.
You are very lightly contaminated with residual magic.
You catch a glimpse of the back of your own head.
You are magically locked in place.
* * * LOW HITPOINT WARNING * * *
The acid dragon closely misses you. The acid dragon misses you.
Unknown command.
Casting: Teleport Other (dangerous; 14% risk of failure)
Confirm with . or Enter, or press ? or * to list all spells.
Aiming: Teleport Other (dangerous; 14% risk of failure)
Press: ? - help, Shift-Dir - straight line, f/p - acid dragon
Aim: an acid dragon (lightly wounded, catching its breath, chance to affect: 50%)
The acid dragon looks slightly unstable.
* * * LOW HITPOINT WARNING * * *
The acid dragon bites you!
* * * LOW HITPOINT WARNING * * *
The acid dragon barely misses you.
You cannot blink because you are magically locked down.
You cannot move.
You cannot move.
You cannot move.
You hit the acid dragon.
The acid dragon is moderately wounded.
The acid dragon bites you!
You die...

...###.......#...##
....#....(...#....#
..................#
............###..##
#.(.........####..#
#..<....#....###..#
#.......#.#..##...#
........###...#...#
........##......@.#
...........###.D####
..#......#.#.......#
.####....###........#
# #..... #..........#
......).............
.........>..D..
.#..............
###........>...


You could see an acid dragon.

Vanquished Creatures
  A water moccasin (D:4)
  A scorpion (D:4)
  A water moccasin skeleton (D:5)
  A howler monkey (D:4)
  A hound (D:5)
  A bullfrog skeleton (D:4)
  A hound zombie (D:5)
  A gnoll (D:1)
  3 adders
  2 adder skeletons (D:4)
  A worm (D:3)
  A dart slug (D:2)
  An orc (D:3)
  7 ball pythons
  7 endoplasms
  3 giant cockroaches
  10 goblins
  6 hobgoblins
  8 jackals
  5 kobolds
  7 quokkas
  5 bats
  3 frilled lizards
  2 rats
79 creatures vanquished.

Notes
Turn   | Place    | Note
-------+----------+-------------------------------------------
     0 | D:1      | lunkers the Djinni Warper began the quest for the Orb.
     0 | D:1      | Reached XP level 1. HP: 18/18 MP: 0/0
   211 | D:1      | Reached XP level 2. HP: 17/23 MP: 0/0
   434 | D:1      | Reached XP level 3. HP: 6/28 MP: 0/0
   434 | D:1      | Learned a level 1 spell: Summon Small Mammal
   689 | D:1      | Reached skill level 3 in Unarmed Combat
   808 | D:1      | You are sucked into a shaft and drop 1 floor!
  1342 | D:2      | Found a glowing golden altar of the Shining One.
  1431 | D:1      | Reached XP level 4. HP: 19/33 MP: 0/0
  2182 | D:2      | You are sucked into a shaft and drop 1 floor!
  2527 | D:2      | Reached skill level 4 in Unarmed Combat
  2670 | D:2      | Found a faded altar of an unknown god.
  3039 | D:3      | Reached XP level 5. HP: 38/38 MP: 0/0
  3039 | D:3      | Learned a level 2 spell: Poisonous Vapours
  3348 | D:4      | Found a runed translucent gate.
  3348 | D:4      | Found a runed translucent gate.
  3353 | D:4      | Found a runed translucent gate.
  3388 | D:4      | Noticed CowFu's ghost (amateur DsFi)
  3388 | D:4      | Noticed an ice beast
  3475 | D:4      | Found an iron altar of Okawaru.
  3779 | D:4      | Noticed a water moccasin
  3806 | D:4      | Killed a water moccasin
  3807 | D:4      | Reached skill level 5 in Unarmed Combat
  3807 | D:4      | Reached XP level 6. HP: 9/43 MP: 0/0
  4070 | D:4      | Found a glowing golden altar of the Shining One.
  4624 | D:5      | Entered Level 5 of the Dungeon
  4632 | D:5      | Reached XP level 7. HP: 49/49 MP: 0/0
  4632 | D:5      | Learned a level 3 spell: Tukima's Dance
  4667 | D:5      | Reached skill level 6 in Unarmed Combat
  4724 | D:5      | Noticed an acid dragon
  4740 | D:5      | Slain by an acid dragon

Illustrated notes

Levels and vault maps discovered:
D:1:      dpeg_arrival_round_a, layout_loops_ring
D:2:      layout_loops_cross, shapermc_ecumenical_altar_hornbeckon, basic_altar,
          hangedman_abyss_or_decor_stabs, wad_floor_pattern_1,
          grunt_ministairs_4
D:3:      layout_rooms, nrook_mini_vaults, kennysheep_generic_room_7
D:4:      layout_cave_pods, chequers_temple_overflow_statue_of_worship,
          okawaru_gym_becter, gammafunk_ghost_icy, minmay_splitting_lines,
          palyth_stone_intersect, hangedman_decor_slide_cut
D:5:      layout_cave_pools, enter_ossuary_4, minmay_misc_feat_plants,
          minmay_manual_mares

Skill      XL: |  1  2  3  4  5  6  7 |
---------------+----------------------+-----
Unarmed Combat | 3 4 5 6 |  6.1
Spellcasting   | 3 |  3.9
Fighting       | |  2.0
Throwing       | |  0.7
Armour         | |  1.0
Dodging        | |  2.1

Action                   |  1- 3 |  4- 6 |  7- 9 || total
-------------------------+-------+-------+-------++-------
Melee: Unarmed           |   116 |   244 |    26 ||   386
       Punch             |     1 |     3 |       ||     4
Throw: Boomerang         |     1 |       |       ||     1
 Cast: Teleport Other    |       |       |     1 ||     1
 Stab: Sleeping          |       |     2 |       ||     2
Armor: Leather armour    |    31 |    85 |    11 ||   127
Dodge: Dodged            |    64 |   143 |    15 ||   222

Table legend: (Time is in decaauts)
 A = Elapsed time spent in this place.
 B = Non-inter-level travel time spent in this place.
 C = Inter-level travel time spent in this place.
 D = Time resting spent in this place.
 E = Time spent auto-exploring this place.
 F = Levels seen in this place.
 G = Mean time per level.
                   A        B        C        D        E       F      G
               +--------+--------+--------+--------+--------+-----+--------+
         Total |   4712 |   4557 |    155 |    158 |   3722 |   5 |  942.4 |
       Dungeon |   4712 |   4557 |    155 |    158 |   3722 |   5 |  942.4 |
               +--------+--------+--------+--------+--------+-----+--------+

Top non-repeatable levels by time:
     D:1: 1499 daAuts
     D:4: 1422 daAuts
     D:2: 958 daAuts
     D:3: 719 daAuts
     D:5: 112 daAuts
